 Dungeon Crawl Stone Soup version 0.25-a0-435-g4b9beb1024 (webtiles) character file.

Game seed: 12726213050775684912, levelgen mode: deterministic

1509 Emblim88 the Covert (level 8, -4/36 HPs)
             Began as a Spriggan Venom Mage on Jan 29, 2020.
             Was a Believer of Dithmenos.
             Shot with a sling bullet by Joseph (8 damage)
             ... on level 7 of the Dungeon.
             The game lasted 00:21:19 (7460 turns).

Emblim88 the Covert (Spriggan Venom Mage)           Turns: 7460, Time: 00:21:19

Health: -4/36      AC:  2    Str:  4    XL:     8   Next: 53%
Magic:  7/16       EV: 21    Int: 18    God:    Dithmenos [**....]
Gold:   320        SH:  0    Dex: 17    Spells: 1/17 levels left

rFire    . . .     SeeInvis +   v - +0 shortbow (vorpal)
rCold    . . .     Gourm    .   (shield currently unavailable)
rNeg     + . .     Faith    .   a - +0 robe
rPois    .         Spirit   .   (helmet restricted)
rElec    .         Reflect  .   (no cloak)
rCorr    .         Harm     .   (gloves unavailable)
MR       +....                  (boots unavailable)
Stlth    +++++.....             (no amulet)
HPRegen  0.12/turn              y - ring of positive energy
MPRegen  0.15/turn              (no ring)

@: wreathed by umbra, lightly drained, very quick
A: very small, unfitting armour, see invisible, herbivore, speed 3, slow
metabolism 2
a: Shadow Step, Renounce Religion


You were on level 7 of the Dungeon.
You worshipped Dithmenos.
Dithmenos was pleased with you.
You were hungry.

You visited 1 branch of the dungeon, and saw 7 of its levels.

You collected 419 gold pieces.
You spent 99 gold pieces at shops.

Inventory:

Hand Weapons
 h - a +1 dagger of venom
 v - a +0 vorpal shortbow (weapon)
Missiles
 i - 6 poisoned darts
 u - 28 arrows (quivered)
 w - 6 atropa-tipped darts
Armour
 a - a +0 robe (worn)
Jewellery
 y - a ring of positive energy (left hand)
Wands
 r - a wand of paralysis (18)
 z - a wand of acid (18)
Scrolls
 f - a scroll of blinking
 l - a scroll of magic mapping
 p - 2 scrolls of teleportation
 q - a scroll of immolation
 s - 2 scrolls of remove curse
 x - a scroll of identify
 B - a scroll of noise {unknown}
Potions
 e - a potion of haste
 g - 4 potions of brilliance
 j - a potion of magic
 m - a potion of agility
 n - 3 potions of flight {unknown}
 o - 2 potions of curing {unknown}
 t - a potion of degeneration
 A - a potion of berserk rage {unknown}
Comestibles
 c - 8 rations


   Skills:
 + Level 3.0 Short Blades
 + Level 2.7(2.6) Bows
 + Level 5.8(5.7) Dodging
 * Level 8.5(8.4) Stealth
 + Level 5.0(4.9) Spellcasting
 + Level 2.8(2.7) Translocations
 + Level 4.7(4.6) Transmutations
 + Level 0.7(0.6) Air Magic
 + Level 4.6(4.5) Poison Magic
 + Level 2.3 Invocations
 + Level 3.2 Evocations


You had one spell level left.
You knew the following spells:

 Your Spells              Type           Power        Failure   Level  Hunger
a - Sting                 Tmut/Pois      ###.         1%          1    None
b - Poisonous Vapours     Pois/Air       ##....       7%          2    #......
c - Olgreb's Toxic Radia  Pois           ###.....     21%         4    ####...
d - Mephitic Cloud        Conj/Pois/Air  ##......     21%         3    ###....
e - Blink                 Tloc           N/A          7%          2    #......
f - Summon Lightning Spi  Summ/Air       #.......     75%         4    ####...

Your spell library contained the following spells:

 Spells                   Type           Power        Failure   Level  Hunger
 Magic Dart               Conj           #...         14%         1    None
 Summon Small Mammal      Summ           #...         14%         1    None
 Ignite Poison            Fire/Tmut/Pois ###.....     12%         3    ###....
 Call Imp                 Summ           #.......     21%         2    #......
 Slow                     Hex            #.......     21%         2    #......
 Call Canine Familiar     Summ           #.......     38%         3    ###....
 Conjure Flame            Conj/Fire      #.......     38%         3    ###....
 Summon Guardian Golem    Hex/Summ       #.......     38%         3    ###....
 Summon Ice Beast         Ice/Summ       #.......     80%         4    ####...


Dungeon Overview and Level Annotations

Branches:
Dungeon (7/15)             Temple (0/1) D:6

Altars:
Dithmenos
Elyvilon
Fedhas
Qazlal
Ru
Sif Muna
Trog
Vehumet
Wu Jian
Xom

Shops:
D:4 (

Annotations:
D:6 2 transporters, stillor's ghost, novice HaHu
D:7 Joseph


Innate Abilities, Weirdness & Mutations

You are very small and have problems with some larger weapons.
You are too small for most types of armour.
You have supernaturally acute eyesight. (SInv)
You are a herbivore.
You cover ground extremely quickly.
You need to consume almost no food.


Message History

Press: ? - help, Dir - move target cursor, f/p - Joseph
Aim: Joseph, wielding a +5 hunting sling of flaming, wearing a +0 leather armour and quivering 21 sling bullets (moderately wounded, very poisoned) Poisonous vapours surround Joseph!
Joseph is engulfed in poison gas.
Joseph looks as sick as possible!
Joseph shoots a sling bullet.
The sling bullet completely misses you.
Joseph shoots a sling bullet.
The sling bullet hits you. The sling bullet burns you.
You see here a sling bullet.
Casting: Poisonous Vapours (safe; 7% risk of failure)
Confirm with . or Enter, or press ? or * to list all spells.
Aiming: Poisonous Vapours (safe; 7% risk of failure)
Press: ? - help, Dir - move target cursor, f/p - Joseph
Aim: Joseph, wielding a +5 hunting sling of flaming, wearing a +0 leather armour and quivering 19 sling bullets (severely wounded, very poisoned) Poisonous vapours surround Joseph!
Joseph is engulfed in poison gas.
Joseph looks even sicker.
Joseph shoots a sling bullet.
The sling bullet hits you! The sling bullet burns you.
Joseph shoots a sling bullet.
The sling bullet hits you!
* * * LOW HITPOINT WARNING * * *
The sling bullet burns you!
You die...

#.#.## #.# #.#..#
### >.##.# ..##.#
.. ....#.# ... ####
... #.# #.# #..# #.
##.###.####.## #.
#....#.......#
###.##.[[.......@.#
............#.###(#
###...........# #.#
...#..........###(#
..#..#....#)......#
. ##.#......<...#@#
..##.#.#......###.#
.....#.####..###.##
#.#.##.. ##.^....(#


You could see Joseph.

Vanquished Creatures
  A water moccasin (D:5)
  An orc warrior (D:6)
  An ice beast (D:6)
  2 ogres (D:7)
  2 scorpions
  3 wights (D:7)
  A crimson imp (D:5)
  A bullfrog zombie (D:5)
  An orc priest (D:6)
  A quasit (D:5)
  A hound (D:6)
  A bullfrog skeleton (D:5)
  2 jellies (D:6)
  A gnoll shaman (D:6)
  2 iguanas (D:4)
  5 worker ants
  4 orc wizards (D:6)
  A killer bee zombie (D:6)
  A hound zombie (D:6)
  7 adders
  3 gnolls (D:6)
  2 shadow imps (D:6)
  2 adder skeletons
  2 worms
  A dart slug (D:4)
  3 leopard geckos
  25 orcs
  6 bats
  6 giant cockroaches
  12 hobgoblins
  A quokka (D:4)
  A ball python (D:1)
  A ball python skeleton (D:5)
  6 frilled lizards
  11 goblins
  7 kobolds
  A leopard gecko zombie (D:5)
  A quokka zombie (D:5)
  8 rats
138 creatures vanquished.

Vanquished Creatures (others)
  A worm (D:5)
1 creature vanquished.

Grand Total: 139 creatures vanquished

Notes
Turn   | Place    | Note
-------+----------+-------------------------------------------
     0 | D:1      | Emblim88 the Spriggan Venom Mage began the quest for the
                  | Orb.
     0 | D:1      | Reached XP level 1. HP: 9/9 MP: 5/5
   438 | D:1      | Reached XP level 2. HP: 11/13 MP: 4/6
   442 | D:1      | Learned a level 2 spell: Poisonous Vapours
  1052 | D:2      | Reached skill level 4 in Stealth
  1052 | D:2      | Reached XP level 3. HP: 16/16 MP: 0/8
  2063 | D:3      | Found a shadowy altar of Dithmenos.
  2076 | D:3      | Became a worshipper of Dithmenos the Shadowed
  2166 | D:3      | Reached XP level 4. HP: 16/21 MP: 7/9
  2173 | D:3      | Learned a level 4 spell: Olgreb's Toxic Radiance
  2444 | D:3      | Reached skill level 5 in Stealth
  2592 | D:3      | Found a blossoming altar of Fedhas.
  2599 | D:3      | Reached XP level 5. HP: 24/24 MP: 5/11
  3020 | D:3      | Reached skill level 1 in Short Blades
  3276 | D:3      | Reached * piety under Dithmenos
  3320 | D:4      | Learned a level 3 spell: Mephitic Cloud
  3736 | D:4      | Reached skill level 6 in Stealth
  3736 | D:4      | Reached XP level 6. HP: 28/28 MP: 2/12
  3923 | D:4      | Found a white marble altar of Elyvilon.
  4019 | D:4      | Reached skill level 1 in Evocations
  4094 | D:4      | Found Iseotal's Weapon Boutique.
  4097 | D:4      | Bought 13 arrows for 28 gold pieces
  4097 | D:4      | Bought a +0 vorpal shortbow for 71 gold pieces
  4565 | D:4      | Found a sacrificial altar of Ru.
  4651 | D:5      | Entered Level 5 of the Dungeon
  4653 | D:5      | Found a stormy altar of Qazlal.
  5112 | D:5      | Reached skill level 1 in Invocations
  5185 | D:5      | Reached skill level 1 in Bows
  5264 | D:5      | Noticed a water moccasin
  5298 | D:5      | Killed a water moccasin
  5298 | D:5      | Reached skill level 7 in Stealth
  5298 | D:5      | Reached XP level 7. HP: 21/32 MP: 14/14
  5624 | D:5      | Learned a level 2 spell: Blink
  5654 | D:5      | Found a shimmering altar of Xom.
  5937 | D:6      | Reached skill level 5 in Dodging
  5937 | D:6      | Reached skill level 1 in Translocations
  5997 | D:6      | Found a radiant altar of Vehumet.
  6007 | D:6      | Found a bloodstained altar of Trog.
  6031 | D:6      | Found a staircase to the Ecumenical Temple.
  6129 | D:6      | Noticed stillor's ghost (novice HaHu)
  6144 | D:6      | Noticed a hornet
  6163 | D:6      | Found a transporter.
  6167 | D:6      | Found a transporter.
  6195 | D:6      | Reached ** piety under Dithmenos
  6313 | D:6      | Reached XP level 8. HP: 25/36 MP: 14/16
  6331 | D:6      | Found an ornate altar of the Wu Jian Council.
  6545 | D:6      | Reached skill level 8 in Stealth
  6636 | D:6      | Found a shimmering blue altar of Sif Muna.
  6864 | D:6      | Learned a level 4 spell: Summon Lightning Spire
  7271 | D:7      | Reached skill level 5 in Spellcasting
  7429 | D:7      | Noticed Joseph
  7460 | D:7      | Shot with a sling bullet by Joseph

Levels and vault maps discovered:
D:1:      scummos_arrival_star, layout_basic
D:2:      layout_loops_cross
D:3:      layout_basic, overflow_temple_1_default, fedhas_altar_2, st_stairs_2
D:4:      layout_loops_corners, elyvilon_altar_3, nicolae_ru_awakened_eye,
          first_ration, serial_shops, kennysheep_mini
D:5:      layout_cave_pods, grunt_qazlal_clouds, xom_confusion_cloud
D:6:      layout_rooms, lemuel_round_altar, amethyst_overflow_temple_binary,
          kennysheep_little_box, minmay_temple_entry_mist, gammafunk_ghost_hive
D:7:      layout_loops_cross, hex_large, uniq_joseph, uniq_prince_ribbit1,
          uniq_crazy_yiuf_cottage

Skill      XL: |  1  2  3  4  5  6  7  8 |
---------------+-------------------------+-----
Spellcasting   | 3 4 5 |  5.0
Transmutations | 2 3 4 |  4.7
Stealth        | 4 5 6 7 8 |  8.5
Dodging        | 4 5 |  5.8
Short Blades   | 1 2 3 |  3.0
Evocations     | 1 2 3 |  3.2
Invocations    | 1 2 |  2.3
Poison Magic   | 4 |  4.6
Bows           | 1 2 |  2.7
Translocations | 1 2 |  2.8
Air Magic      | |  0.7

Action                   |  1- 3 |  4- 6 |  7- 9 || total
-------------------------+-------+-------+-------++-------
Melee: Dagger            |    33 |    20 |     3 ||    56
       Unarmed           |     2 |       |       ||     2
 Fire: Shortbow          |       |    58 |   159 ||   217
Throw: Stone             |       |     5 |       ||     5
       Dart              |       |     9 |    11 ||    20
 Cast: Sting             |    12 |       |       ||    12
       Poisonous Vapours |    27 |    58 |    20 ||   105
       Olgreb's Toxic Ra |       |       |     4 ||     4
Evoke: Wand              |       |     1 |     1 ||     2
  Use: Scroll            |     8 |       |     3 ||    11
 Stab: Sleeping          |    10 |       |     3 ||    13
  Eat: Ration            |       |     3 |     1 ||     4
Armor: Robe              |     5 |     7 |     2 ||    14
Dodge: Dodged            |    24 |    77 |    72 ||   173

Table legend:
 A = Non-vault XP
 B = Vault XP
 C = Vault XP percentage of total XP
 D = Non-vault monster count
 E = Vault monster count
 F = Vault count percentage of total count
                 A         B        C        D         E       F
            +---------+---------+-------+---------+---------+-------
      Total |    1947 |     210 |   9.7 |     132 |       6 |   4.3
            +---------+---------+-------+---------+---------+-------
        D:1 |      24 |       0 |   0.0 |      16 |       0 |   0.0
        D:2 |      49 |       0 |   0.0 |      15 |       0 |   0.0
        D:3 |     171 |       5 |   2.8 |      38 |       2 |   5.0
        D:4 |     197 |       0 |   0.0 |      14 |       0 |   0.0
        D:5 |     275 |     205 |  42.7 |      12 |       4 |  25.0
        D:6 |     814 |       0 |   0.0 |      32 |       0 |   0.0
        D:7 |     417 |       0 |   0.0 |       5 |       0 |   0.0
            +---------+---------+-------+---------+---------+-------
